[Event "94th Tradewise Hastings Congress"]
[Site "Hastings"]
[Date "2018.12.29"]
[Round "2"]
[White "Korneev, Oleg"]
[Black "Bates, Richard A"]
[Result "1-0"]
[ECO "B90"]
[WhiteElo "2550"]
[BlackElo "2372"]
[Annotator "ChessBase"]
[PlyCount "80"]
[EventDate "2018.12.28"]
[EventType "swiss"]
[EventCountry "ENG"]
[SourceTitle "playchess.com"]
[Source "ChessBase"]
[SourceQuality "1"]
[TimeControl "40/6000+30:3000+30"]

1. e4 c5 2. Nf3 d6 3. d4 cxd4 4. Nxd4 Nf6 5. Nc3 a6 6. Be3 e5 7. Nf3 Be7 8. Bc4 O-O 9. O-O Nc6 10. Bg5 Be6 11. Bb3 b5 12. Bxf6 Bxf6 13. Nd5 Rc8 14. c3 g6 15. a4 Bg7 16. axb5 axb5 17. Ne1 Kh8 18. Nc2 Na5 19. Ba2 Nc4 20. b4 Qg5 21. Re1 f5 22. Nb6 Rcd8 23. Bxc4 bxc4 24. Nd5 fxe4 25. Nce3 Qh4 26. Ra2 Bh6 27. b5 Bxe3 28. Rxe3 Ra8 29. g3 Qh3 30. Rxa8 Rxa8 31. Re1 Ra2 32. Nb4 e3 33. Nxa2 exf2+ 34. Kxf2 Qxh2+ 35. Ke3 Qh6+ 36. Kf2 Qh2+ 37. Ke3 Qh6+ 38. Ke4 Qg5 39. Qxd6 Bf5+ 40. Kd5 Qd2+ {[%emt 0:00:17] Ke4} 1-0

[Event "94th Tradewise Hastings Congress"]
[Site "Hastings"]
[Date "2018.12.29"]
[Round "2"]
[White "Petrov, Martin"]
[Black "Derakhshani, Borna"]
[Result "1/2-1/2"]
[ECO "B12"]
[WhiteElo "2472"]
[BlackElo "2325"]
[Annotator "ChessBase"]
[PlyCount "43"]
[EventDate "2018.12.28"]
[EventType "swiss"]
[EventCountry "ENG"]
[SourceTitle "playchess.com"]
[Source "ChessBase"]
[SourceQuality "1"]
[TimeControl "40/6000+30:3000+30"]

1. e4 c6 2. d4 d5 3. e5 Bf5 4. Nf3 e6 5. Be2 Bg6 6. O-O Nd7 7. Nbd2 Nh6 8. Nb3 Nf5 9. Bd2 Be7 10. Rc1 O-O 11. c4 dxc4 12. Na5 c3 13. Bxc3 Rb8 14. Nc4 Nb6 15. Nxb6 axb6 16. g4 Nh6 17. h3 b5 18. a3 Be4 19. Bd3 Bd5 20. Bb1 f5 21. exf6 Bxf6 22. Qe2 1/2-1/2

[Event "94th Tradewise Hastings Congress"]
[Site "Hastings"]
[Date "2018.12.29"]
[Round "2"]
[White "Lalic, Bogdan"]
[Black "Anderson, John"]
[Result "1-0"]
[ECO "D10"]
[WhiteElo "2420"]
[BlackElo "2163"]
[Annotator "NA"]
[PlyCount "115"]
[EventDate "2018.12.28"]
[EventType "swiss"]
[EventCountry "ENG"]
[SourceTitle "playchess.com"]
[Source "ChessBase"]
[SourceQuality "1"]
[TimeControl "40/6000+30:3000+30"]

1. d4 d5 2. c4 c6 3. Nc3 dxc4 4. e4 b5 5. a4 b4 6. Nce2 Nf6 7. Ng3 Ba6 8. Nf3 Nbd7 9. Be2 e6 10. Bg5 Qa5 11. O-O b3 12. Qc1 c3 13. Bxa6 Qxa6 14. Qxc3 Rb8 15. Rfc1 Bb4 16. Qxc6 Qxc6 17. Rxc6 a5 18. Bf4 Ra8 19. Bd2 Bxd2 20. Nxd2 Ke7 21. Rc3 Rhb8 22. Rxb3 Rxb3 23. Nxb3 Nb6 24. f3 Nc4 25. Nc5 Nd7 26. b3 Nxc5 27. bxc4 Nb3 28. Rb1 Nxd4 29. Rb7+ Ke8 30. e5 Nc6 31. Ne4 Nxe5 32. Nd6+ Kf8 33. f4 Nd3 34. Rxf7+ Kg8 35. Rc7 Nxf4 36. g3 Ne2+ 37. Kf2 Nc3 38. Ke3 Nxa4 39. Kd4 Nb6 40. Rb7 Nc8 41. Nxc8 Rxc8 42. c5 h5 43. Ra7 a4 44. Rxa4 Kf7 45. Kc4 Kf6 46. Ra2 h4 47. gxh4 Rh8 48. c6 Rxh4+ 49. Kc5 Ke7 50. Rd2 Rh3 51. c7 Rc3+ 52. Kb6 Rb3+ 53. Kc6 Rc3+ 54. Kb7 Rb3+ 55. Kc8 g5 56. Ra2 Rb4 57. Ra7 Rc4 58. Kb8 1-0

[Event "94th Tradewise Hastings Congress"]
[Site "Hastings"]
[Date "2018.12.29"]
[Round "2"]
[White "Cherniaev, Alexander"]
[Black "White, Stuart A"]
[Result "1-0"]
[ECO "C02"]
[WhiteElo "2393"]
[BlackElo "2096"]
[Annotator "NA"]
[PlyCount "65"]
[EventDate "2018.12.28"]
[EventType "swiss"]
[EventCountry "ENG"]
[SourceTitle "playchess.com"]
[Source "ChessBase"]
[SourceQuality "1"]
[TimeControl "40/6000+30:3000+30"]

1. e4 e6 2. d4 d5 3. e5 c5 4. c3 Nc6 5. Nf3 Qb6 6. a3 Nh6 7. b4 cxd4 8. b5 Na5 9. Bxh6 gxh6 10. cxd4 Bd7 11. Nbd2 Rc8 12. a4 Bb4 13. Rb1 Bc3 14. Bd3 Bxd4 15. O-O Bc5 16. Nb3 Nxb3 17. Rxb3 Qa5 18. Rb2 Qd8 19. Qb1 Qe7 20. Re2 Qf8 21. Bxh7 Qg7 22. Bd3 Rg8 23. g3 Qg4 24. Kg2 Qxa4 25. h3 Qa5 26. Rc2 Qd8 27. Qd1 Qe7 28. Nh2 Qg5 29. Ng4 Be7 30. Rxc8+ Bxc8 31. Qc2 Bd7 32. Qc7 Bd8 33. Qb8 1-0

[Event "94th Tradewise Hastings Congress"]
[Site "Hastings"]
[Date "2018.12.29"]
[Round "2"]
[White "Djuric, Stefan"]
[Black "Stoyanov, Viktor"]
[Result "1-0"]
[ECO "D43"]
[WhiteElo "2371"]
[BlackElo "2205"]
[Annotator "ChessBase"]
[PlyCount "167"]
[EventDate "2018.12.28"]
[EventType "swiss"]
[EventCountry "ENG"]
[SourceTitle "playchess.com"]
[Source "ChessBase"]
[SourceQuality "1"]
[TimeControl "40/6000+30:3000+30"]

1. c4 e6 2. Nc3 d5 3. d4 c6 4. Nf3 Nf6 5. g3 Be7 6. Bg2 O-O 7. O-O Nbd7 8. Nd2 Re8 9. e4 dxe4 10. Ndxe4 Nxe4 11. Nxe4 Nf6 12. Nc3 Bd7 13. Bf4 Qb6 14. Na4 Qa5 15. Re1 Rac8 16. Re5 Qa6 17. a3 b6 18. c5 Nd5 19. Bf1 Qb7 20. Bd2 Bf6 21. Re4 e5 22. dxe5 Bxe5 23. Qf3 Bf6 24. Rae1 Qb8 25. h4 Rxe4 26. Rxe4 Re8 27. Bg5 Rxe4 28. Qxe4 b5 29. Bd3 g6 30. Bxf6 Nxf6 31. Qd4 Nd5 32. Nc3 Be6 33. Ne4 Qf8 34. Qe5 Bf5 35. b4 Qe7 36. Qd4 a6 37. Kg2 Qd8 38. Kg1 Qe7 39. Kh2 Qd8 40. Qe5 f6 41. Qd4 Qe7 42. Kg2 Qd8 43. Kh2 Qe7 44. Nc3 Nxc3 45. Bxf5 gxf5 46. Qxc3 Kf7 47. Qd3 Qe6 48. Qd8 Kg7 49. Qc7+ Kg6 50. Qb8 Kg7 51. Qb7+ Kg6 52. Qc7 h5 53. Qb8 Kh6 54. Qd6 Qe4 55. Qxf6+ Kh7 56. Qg5 Qf3 57. Qe7+ Kh8 58. Kg1 Qd1+ 59. Kg2 Qd5+ 60. Kh2 Qf3 61. Qd8+ Kh7 62. Qd4 Kg8 63. Kg1 Kf7 64. Kf1 Kf8 65. Ke1 Qxa3 66. Qf6+ Kg8 67. Qg6+ Kf8 68. Qxf5+ Kg7 69. Qg5+ Kf8 70. Qf4+ Kg8 71. Kf1 Qd3+ 72. Kg1 Qd1+ 73. Kh2 Qe2 74. Kg2 Qe8 75. Qg5+ Kh7 76. Qf5+ Kg7 77. Qg5+ Kh8 78. Qe3 Qg6 79. Qe5+ Kh7 80. Qe7+ Kh8 81. Qe5+ Kh7 82. Kh2 Qf7 83. Kg2 Qg6 84. Qc7+ 1-0

[Event "94th Tradewise Hastings Congress"]
[Site "Hastings"]
[Date "2018.12.29"]
[Round "2"]
[White "Sarkar, Justin"]
[Black "Hawkins, Jonathan"]
[Result "1/2-1/2"]
[ECO "D58"]
[WhiteElo "2332"]
[BlackElo "2583"]
[Annotator "ChessBase"]
[PlyCount "92"]
[EventDate "2018.12.28"]
[EventType "swiss"]
[EventCountry "ENG"]
[SourceTitle "playchess.com"]
[Source "ChessBase"]
[SourceQuality "1"]
[TimeControl "40/6000+30:3000+30"]

1. d4 d5 2. c4 e6 3. Nc3 Nf6 4. Bg5 Be7 5. e3 O-O 6. Nf3 h6 7. Bh4 b6 8. Rc1 Bb7 9. cxd5 Nxd5 10. Bxe7 Qxe7 11. Nxd5 Bxd5 12. a3 c5 13. dxc5 bxc5 14. Bc4 Rd8 15. Qe2 Nd7 16. e4 Bxc4 17. Rxc4 Rab8 18. O-O Rb3 19. Rc2 Rdb8 20. Rd1 Nf6 21. Ne5 Qb7 22. f3 Rxb2 23. Rxb2 Qxb2 24. Rd8+ Kh7 25. Qxb2 Rxb2 26. Nxf7 Rb1+ 27. Kf2 Rb2+ 28. Kg1 Rb1+ 29. Kf2 Rb2+ 30. Kf1 Nh5 31. Rh8+ Kg6 32. Ne5+ Kf6 33. Nd7+ Ke7 34. Nxc5 Nf4 35. g3 Nh3 36. f4 Rxh2 37. e5 Rf2+ 38. Ke1 Rf3 39. Rc8 Rxg3 40. Rc7+ Ke8 41. Nxe6 g5 42. Ng7+ Kd8 43. Ne6+ Ke8 44. fxg5 Nxg5 45. Nxg5 Rxg5 46. Rxa7 Rxe5+ 1/2-1/2

[Event "94th Tradewise Hastings Congress"]
[Site "Hastings"]
[Date "2018.12.29"]
[Round "2"]
[White "Murphy, Conor E"]
[Black "Byron, Alan M"]
[Result "1-0"]
[ECO "E63"]
[WhiteElo "2331"]
[BlackElo "2157"]
[Annotator "NA"]
[PlyCount "111"]
[EventDate "2018.12.28"]
[EventType "swiss"]
[EventCountry "ENG"]
[SourceTitle "playchess.com"]
[Source "ChessBase"]
[SourceQuality "1"]
[TimeControl "40/6000+30:3000+30"]

1. Nf3 Nf6 2. g3 g6 3. Bg2 Bg7 4. c4 O-O 5. d4 d6 6. Nc3 Nc6 7. O-O a6 8. b3 Rb8 9. d5 Na5 10. Bg5 c5 11. dxc6 Nxc6 12. Rc1 Bd7 13. Qd2 b5 14. cxb5 axb5 15. e4 Re8 16. Rfd1 b4 17. Bxf6 Bxf6 18. Nd5 Bg7 19. Rc4 Qa5 20. Rdc1 e6 21. Ne3 Ne5 22. Nxe5 Bxe5 23. a4 Red8 24. Ng4 Rbc8 25. Qg5 Rxc4 26. Rxc4 Ra8 27. Nxe5 dxe5 28. Qe7 Qa7 29. Qd6 Be8 30. h4 Qb8 31. Qxb4 Qd8 32. Bf3 Rb8 33. Qc3 Bd7 34. Kg2 Qb6 35. Rc7 Be8 36. Rc8 Rxc8 37. Qxc8 Kf8 38. Qc3 Qd6 39. h5 Bc6 40. h6 Ke7 41. Qa5 g5 42. Qa7+ Kf6 43. g4 Kg6 44. Qb6 Qd7 45. Qc5 Kxh6 46. Qxe5 Kg6 47. Qh8 Qb7 48. Qg8+ Kh6 49. Qf8+ Kg6 50. Qg8+ Kh6 51. Qd8 Kg6 52. Qd3 e5 53. a5 Qb4 54. a6 Bb5 55. Qd5 Qa5 56. a7 1-0

[Event "94th Tradewise Hastings Congress"]
[Site "Hastings"]
[Date "2018.12.29"]
[Round "2"]
[White "Kalavannan, Koby"]
[Black "Rolvag, Mikael"]
[Result "1-0"]
[ECO "E19"]
[WhiteElo "2328"]
[BlackElo "2107"]
[Annotator "NA"]
[PlyCount "99"]
[EventDate "2018.12.28"]
[EventType "swiss"]
[EventCountry "ENG"]
[SourceTitle "playchess.com"]
[Source "ChessBase"]
[SourceQuality "1"]
[TimeControl "40/6000+30:3000+30"]

1. d4 Nf6 2. c4 e6 3. Nf3 b6 4. g3 Bb7 5. Bg2 Be7 6. O-O O-O 7. Nc3 Ne4 8. Qc2 Nxc3 9. Qxc3 c5 10. Bf4 d6 11. Rfd1 Qc7 12. Rac1 cxd4 13. Nxd4 Bxg2 14. Kxg2 a6 15. Qf3 Ra7 16. Be3 Qc8 17. b3 Re8 18. Nc2 Rb7 19. Bf4 Rd8 20. e4 Nc6 21. Be3 Qa8 22. Nd4 Ne5 23. Qe2 Rbd7 24. f3 Rc8 25. Bf2 Rdc7 26. Rc2 Bf8 27. Rcd2 Qb7 28. a4 Nd7 29. g4 Nc5 30. Bg3 e5 31. Nf5 Nxb3 32. Nxd6 Bxd6 33. Rxd6 f6 34. Qb2 Na5 35. Rxb6 Qa8 36. Bf2 h5 37. c5 hxg4 38. Qa2+ Kh8 39. Qe6 gxf3+ 40. Kxf3 Nc6 41. Rd3 Re8 42. Rxa6 Rxe6 43. Rxa8+ Kh7 44. Rd6 Ree7 45. Ra6 Nb8 46. Rab6 Nd7 47. Rb5 f5 48. exf5 e4+ 49. Kf4 Nf6 50. Be3 1-0

[Event "94th Tradewise Hastings Congress"]
[Site "Hastings"]
[Date "2018.12.29"]
[Round "2"]
[White "Lyell, Mark"]
[Black "Taylor, Adam A"]
[Result "1-0"]
[ECO "B30"]
[WhiteElo "2317"]
[BlackElo "2122"]
[Annotator "NA"]
[PlyCount "115"]
[EventDate "2018.12.28"]
[EventType "swiss"]
[EventCountry "ENG"]
[SourceTitle "playchess.com"]
[Source "ChessBase"]
[SourceQuality "1"]
[TimeControl "40/6000+30:3000+30"]

1. e4 c5 2. Nf3 Nc6 3. Bb5 e6 4. Bxc6 dxc6 5. O-O Nf6 6. d3 Qc7 7. e5 Nd5 8. Nbd2 f6 9. Re1 Be7 10. exf6 gxf6 11. Ne4 Bd7 12. Bh6 Rg8 13. Qd2 O-O-O 14. c4 Nb6 15. Be3 e5 16. Qa5 Kb8 17. Bxc5 Bf5 18. Nh4 Bxe4 19. dxe4 Bxc5 20. Qxc5 Rd4 21. b3 Qg7 22. g3 Nd7 23. Qb4 c5 24. Qc3 Qg4 25. Nf5 Rxe4 26. Nh6 Rxe1+ 27. Rxe1 Qg6 28. Nxg8 Qxg8 29. Rd1 Qg4 30. Qd3 Kc7 31. Qd6+ Kc8 32. f3 Qg7 33. b4 cxb4 34. c5 Qf7 35. c6 bxc6 36. Qxc6+ Kd8 37. Qa8+ Ke7 38. Qxa7 Qe6 39. Qb7 Qb6+ 40. Qxb6 Nxb6 41. Kf2 Ke6 42. Ke2 Nd5 43. Kd3 Nc3 44. Ra1 Nd5 45. Rc1 Ne7 46. Kc4 Nd5 47. g4 h6 48. h4 Nf4 49. Rd1 Ng2 50. Kxb4 Nxh4 51. a4 Nxf3 52. a5 e4 53. a6 e3 54. a7 e2 55. Ra1 e1=Q+ 56. Rxe1+ Nxe1 57. a8=Q Nd3+ 58. Kc3 {[%emt 0:00:00] Kd5} 1-0

[Event "94th Tradewise Hastings Congress"]
[Site "Hastings"]
[Date "2018.12.29"]
[Round "2"]
[White "Stefansson, Vignir Vatnar"]
[Black "Sulskis, Sarunas"]
[Result "1/2-1/2"]
[ECO "A46"]
[WhiteElo "2266"]
[BlackElo "2525"]
[Annotator "ChessBase"]
[PlyCount "107"]
[EventDate "2018.12.28"]
[EventType "swiss"]
[EventCountry "ENG"]
[SourceTitle "playchess.com"]
[Source "ChessBase"]
[SourceQuality "1"]
[TimeControl "40/6000+30:3000+30"]

1. d4 Nf6 2. Nf3 e6 3. Bf4 c5 4. e3 Be7 5. Nbd2 Nh5 6. Bg3 O-O 7. Bd3 d5 8. Ne5 g6 9. c3 Nd7 10. Ndf3 Nxe5 11. Nxe5 Bf6 12. Nf3 Nxg3 13. hxg3 Rb8 14. g4 b5 15. g5 Bg7 16. b4 cxd4 17. cxd4 e5 18. dxe5 Bg4 19. Be2 Bxf3 20. Bxf3 Bxe5 21. Rc1 d4 22. exd4 Bxd4 23. O-O Rb6 24. Qd2 Bf6 25. Qxd8 Bxd8 26. Rc5 Be7 27. Rc7 Bxb4 28. Rxa7 Bd2 29. Rd1 Rd8 30. Rb7 Rxb7 31. Bxb7 b4 32. g3 Kf8 33. Kg2 Bxg5 34. Rxd8+ Bxd8 35. g4 Bc7 36. f3 Ke7 37. Bd5 Bf4 38. Bc4 h6 39. Bb3 f5 40. gxf5 gxf5 41. Bc4 Kf6 42. Bb3 Kg5 43. Be6 h5 44. Bd7 h4 45. Bc8 Bg3 46. Bb7 Kf4 47. Bd5 Be1 48. Be6 Ke5 49. Bb3 Kd4 50. Be6 f4 51. Bb3 Kd3 52. Bf7 Ke2 53. Bd5 Bg3 54. Be4 1/2-1/2

[Event "94th Tradewise Hastings Congress"]
[Site "Hastings"]
[Date "2018.12.29"]
[Round "2"]
[White "Pitschka, Claus"]
[Black "Midhun, P U"]
[Result "1/2-1/2"]
[ECO "D00"]
[WhiteElo "2241"]
[BlackElo "2010"]
[Annotator "NA"]
[PlyCount "101"]
[EventDate "2018.12.28"]
[EventType "swiss"]
[EventCountry "ENG"]
[SourceTitle "playchess.com"]
[Source "ChessBase"]
[SourceQuality "1"]
[TimeControl "40/6000+30:3000+30"]

1. d4 Nf6 2. Bf4 d5 3. e3 e6 4. c3 Bd6 5. Bxd6 Qxd6 6. f4 Ne4 7. Nd2 f5 8. Ngf3 Nd7 9. Bd3 Ndf6 10. O-O O-O 11. Ne5 Bd7 12. h3 Nxd2 13. Qxd2 Be8 14. g4 Bg6 15. Qg2 Nd7 16. c4 c6 17. c5 Qe7 18. b4 Nxe5 19. fxe5 Qg5 20. Rae1 fxg4 21. Bxg6 Rxf1+ 22. Kxf1 Rf8+ 23. Kg1 Qh4 24. Rf1 Rxf1+ 25. Qxf1 hxg6 26. hxg4 Qxg4+ 27. Kh2 Qh4+ 28. Qh3 Qxh3+ 29. Kxh3 Kh7 30. Kg4 Kh6 31. e4 dxe4 32. d5 cxd5 33. b5 d4 34. Kg3 d3 35. Kf2 g5 36. c6 bxc6 37. bxc6 g4 38. c7 g3+ 39. Kxg3 d2 40. c8=Q d1=Q 41. Qxe6+ g6 42. Qf6 Qd3+ 43. Kh4 Qd7 44. e6 Qg7 45. Qg5+ Kh7 46. e7 Qh8 47. Qf4 Kg7+ 48. Kg3 Qe8 49. Qxe4 Kf7 50. Qd5+ Kxe7 51. Qc5+ 1/2-1/2

[Event "94th Tradewise Hastings Congress"]
[Site "Hastings"]
[Date "2018.12.29"]
[Round "2"]
[White "Willow, Jonah B"]
[Black "Kjartansson, Gudmundur"]
[Result "1/2-1/2"]
[ECO "C00"]
[WhiteElo "2218"]
[BlackElo "2415"]
[Annotator "NA"]
[PlyCount "42"]
[EventDate "2018.12.28"]
[EventType "swiss"]
[EventCountry "ENG"]
[SourceTitle "playchess.com"]
[Source "ChessBase"]
[SourceQuality "1"]
[TimeControl "40/6000+30:3000+30"]

1. e4 e6 2. d3 d5 3. Nd2 Nf6 4. Ngf3 Nc6 5. c3 e5 6. Be2 Bd6 7. O-O O-O 8. Qc2 a5 9. b3 Re8 10. a3 Ne7 11. Re1 Ng6 12. Nf1 c5 13. exd5 Nxd5 14. d4 e4 15. Bb5 Bd7 16. Bxd7 Qxd7 17. Rxe4 Rxe4 18. Qxe4 Nxc3 19. Qd3 cxd4 20. Nxd4 Be5 21. Qxc3 Rc8 1/2-1/2

[Event "94th Tradewise Hastings Congress"]
[Site "Hastings"]
[Date "2018.12.29"]
[Round "2"]
[White "Villiers, Thomas"]
[Black "Petrov, Vladimir Sergeev"]
[Result "1/2-1/2"]
[ECO "A33"]
[WhiteElo "2205"]
[BlackElo "2365"]
[Annotator "NA"]
[PlyCount "34"]
[EventDate "2018.12.28"]
[EventType "swiss"]
[EventCountry "ENG"]
[SourceTitle "playchess.com"]
[Source "ChessBase"]
[SourceQuality "1"]
[TimeControl "40/6000+30:3000+30"]

1. Nf3 Nf6 2. c4 c5 3. Nc3 Nc6 4. d4 cxd4 5. Nxd4 e6 6. g3 Qb6 7. Ndb5 Ne5 8. Bg2 Nxc4 9. b3 Ne5 10. Be3 Bc5 11. Bxc5 Qxc5 12. Rc1 O-O 13. Nd6 Nc6 14. O-O Qa5 15. Qc2 Ne8 16. Nce4 Nxd6 17. Nxd6 Qe5 1/2-1/2

[Event "94th Tradewise Hastings Congress"]
[Site "Hastings"]
[Date "2018.12.29"]
[Round "2"]
[White "Payne, Matthew J"]
[Black "Spanton, Tim R"]
[Result "1-0"]
[ECO "C45"]
[WhiteElo "2182"]
[BlackElo "1954"]
[Annotator "NA"]
[PlyCount "59"]
[EventDate "2018.12.28"]
[EventType "swiss"]
[EventCountry "ENG"]
[SourceTitle "playchess.com"]
[Source "ChessBase"]
[SourceQuality "1"]
[TimeControl "40/6000+30:3000+30"]

1. e4 e5 2. Nf3 Nc6 3. d4 exd4 4. Nxd4 Bc5 5. Nxc6 Qf6 6. Qf3 bxc6 7. Nd2 Rb8 8. Nb3 Qxf3 9. gxf3 Bb6 10. Rg1 g6 11. Be3 Bxe3 12. fxe3 Ne7 13. O-O-O O-O 14. h4 d6 15. e5 dxe5 16. e4 f5 17. Bc4+ Kg7 18. Nc5 fxe4 19. fxe4 Rf4 20. Rd8 Rf8 21. Rxf8 Kxf8 22. Rf1+ Ke8 23. Bf7+ Kf8 24. Bxg6+ Kg7 25. Rf7+ Kxg6 26. Rxe7 Rb5 27. Nd3 Bb7 28. Rxc7 a5 29. c4 Rb6 30. c5 1-0

[Event "94th Tradewise Hastings Congress"]
[Site "Hastings"]
[Date "2018.12.29"]
[Round "2"]
[White "Eames, Robert S"]
[Black "Larsen, Andreas"]
[Result "1-0"]
[ECO "D08"]
[WhiteElo "2167"]
[BlackElo "1933"]
[Annotator "NA"]
[PlyCount "109"]
[EventDate "2018.12.28"]
[EventType "swiss"]
[EventCountry "ENG"]
[SourceTitle "playchess.com"]
[Source "ChessBase"]
[SourceQuality "1"]
[TimeControl "40/6000+30:3000+30"]

1. d4 d5 2. c4 e5 3. dxe5 d4 4. Nf3 Nc6 5. a3 Nge7 6. b4 Ng6 7. Bb2 a5 8. b5 Ncxe5 9. Qxd4 Qxd4 10. Bxd4 Nxc4 11. e3 Nd6 12. Nbd2 Bd7 13. a4 Nf5 14. Bb2 Bb4 15. Bd3 O-O 16. O-O Rad8 17. Nb3 Rfe8 18. Rac1 c6 19. bxc6 bxc6 20. Bxf5 Bxf5 21. Nfd4 Bd3 22. Rfd1 Ne5 23. f4 Nc4 24. Bc3 Ba3 25. Ra1 Be4 26. Nxa5 Nxe3 27. Re1 Bc5 28. Nb7 Bxd4 29. Bxd4 Rxd4 30. Rxe3 Ra8 31. Nc5 f5 32. a5 Rc4 33. Nd7 Rc2 34. Rg3 Ra7 35. Ne5 g6 36. h4 Rb2 37. h5 Rb1+ 38. Rxb1 Bxb1 39. Rb3 Ba2 40. Rb8+ Kg7 41. Nxc6 Ra6 42. Rb6 Ra8 43. hxg6 hxg6 44. a6 Bc4 45. Nb4 Kh6 46. Kf2 Kh5 47. Kg3 Kh6 48. Kh4 Be2 49. g4 Bxg4 50. Nc6 Be2 51. a7 Bf3 52. Ne5 Bh5 53. Rb7 Be2 54. Nf7+ Kg7 55. Ng5+ 1-0

[Event "94th Tradewise Hastings Congress"]
[Site "Hastings"]
[Date "2018.12.29"]
[Round "2"]
[White "Spiegel, Stefan, Dr."]
[Black "Leenhouts, Koen"]
[Result "1-0"]
[ECO "B06"]
[WhiteElo "2124"]
[BlackElo "2470"]
[Annotator "ChessBase"]
[PlyCount "73"]
[EventDate "2018.12.28"]
[EventType "swiss"]
[EventCountry "ENG"]
[SourceTitle "playchess.com"]
[Source "ChessBase"]
[SourceQuality "1"]
[TimeControl "40/6000+30:3000+30"]

1. e4 g6 2. d4 Bg7 3. Nc3 d6 4. g3 Nd7 5. Bg2 c5 6. Nge2 Ngf6 7. h3 O-O 8. O-O Rb8 9. a4 b6 10. Be3 Bb7 11. g4 a6 12. Ng3 Ne8 13. Re1 Nc7 14. Nd5 b5 15. c3 bxa4 16. Nxc7 Qxc7 17. Qxa4 Rfc8 18. Bf1 Bc6 19. Qa3 Bb5 20. Red1 Qb7 21. Bxb5 axb5 22. Qa7 b4 23. Ne2 cxd4 24. Qxb7 Rxb7 25. cxd4 Rc2 26. Rd2 Rbc7 27. Rad1 R2c6 28. b3 f5 29. exf5 gxf5 30. Nf4 Nf6 31. gxf5 Ne4 32. Ra2 Nc3 33. Ra8+ Rc8 34. Rda1 Bh6 35. d5 R6c7 36. Ne6 Kf7 37. Bxh6 1-0

[Event "94th Tradewise Hastings Congress"]
[Site "Hastings"]
[Date "2018.12.29"]
[Round "2"]
[White "Groffen, Hans"]
[Black "Fowler, David"]
[Result "1-0"]
[ECO "D35"]
[WhiteElo "2120"]
[BlackElo "1929"]
[Annotator "NA"]
[PlyCount "45"]
[EventDate "2018.12.28"]
[EventType "swiss"]
[EventCountry "ENG"]
[SourceTitle "playchess.com"]
[Source "ChessBase"]
[SourceQuality "1"]
[TimeControl "40/6000+30:3000+30"]

1. d4 d5 2. c4 e6 3. Nc3 Nf6 4. cxd5 exd5 5. Bg5 c6 6. e3 h6 7. Bh4 Bf5 8. Qf3 Bh7 9. Bxf6 Qxf6 10. Qxf6 gxf6 11. Nge2 Bd6 12. Ng3 Nd7 13. O-O-O O-O-O 14. Bd3 Bxd3 15. Rxd3 Rhg8 16. Nf5 Nb6 17. Nxh6 Rxg2 18. Nxf7 Rd7 19. Nxd6+ Rxd6 20. Rd2 Nc4 21. Rc2 Re6 22. b3 Nd6 23. Nxd5 1-0

[Event "94th Tradewise Hastings Congress"]
[Site "Hastings"]
[Date "2018.12.29"]
[Round "2"]
[White "Snape, Ian L"]
[Black "Song, Jinwoo"]
[Result "1-0"]
[ECO "A52"]
[WhiteElo "2112"]
[BlackElo "1907"]
[Annotator "NA"]
[PlyCount "59"]
[EventDate "2018.12.28"]
[EventType "swiss"]
[EventCountry "ENG"]
[SourceTitle "playchess.com"]
[Source "ChessBase"]
[SourceQuality "1"]
[TimeControl "40/6000+30:3000+30"]

1. d4 Nf6 2. c4 e5 3. dxe5 Ng4 4. e3 Nxe5 5. f4 Bb4+ 6. Bd2 Bxd2+ 7. Qxd2 Nec6 8. Nf3 O-O 9. Bd3 a5 10. Nc3 Na6 11. Rd1 d6 12. O-O Nc5 13. Bb1 Be6 14. Nd5 Nb4 15. a3 Nxd5 16. cxd5 Bg4 17. b4 axb4 18. axb4 Na4 19. Rc1 Bxf3 20. Rxf3 f5 21. e4 fxe4 22. Bxe4 Rf7 23. Qd3 Qh4 24. Bf5 Nb2 25. Qc2 Rxf5 26. Qxf5 Re8 27. Rxc7 Qe1+ 28. Rf1 Qe3+ 29. Kh1 Rf8 30. Qe6+ 1-0

[Event "94th Tradewise Hastings Congress"]
[Site "Hastings"]
[Date "2018.12.29"]
[Round "2"]
[White "Brown, Thomas"]
[Black "Kearsley, Raymond J"]
[Result "1-0"]
[ECO "D06"]
[WhiteElo "2068"]
[BlackElo "1579"]
[Annotator "NA"]
[PlyCount "51"]
[EventDate "2018.12.28"]
[EventType "swiss"]
[EventCountry "ENG"]
[SourceTitle "playchess.com"]
[Source "ChessBase"]
[SourceQuality "1"]
[TimeControl "40/6000+30:3000+30"]

1. d4 d5 2. Nf3 Bf5 3. c4 e6 4. Nc3 Nf6 5. Bg5 Nc6 6. cxd5 exd5 7. Bxf6 Qxf6 8. Nxd5 Qd6 9. Nc3 Qb4 10. Qd2 O-O-O 11. e3 f6 12. Be2 g5 13. a3 Qb3 14. Bd3 Bg4 15. Qc2 Qf7 16. Bf5+ Bxf5 17. Qxf5+ Kb8 18. O-O Rg8 19. Ne5 Nxe5 20. dxe5 Bg7 21. e6 Qg6 22. e4 c6 23. Rad1 Rge8 24. Rxd8+ Rxd8 25. e7 Rd6 26. Qxg6 1-0

[Event "94th Tradewise Hastings Congress"]
[Site "Hastings"]
[Date "2018.12.29"]
[Round "2"]
[White "Miller, Dominic"]
[Black "Williams, Simon K"]
[Result "0-1"]
[ECO "C06"]
[WhiteElo "2061"]
[BlackElo "2472"]
[Annotator "ChessBase"]
[PlyCount "58"]
[EventDate "2018.12.28"]
[EventType "swiss"]
[EventCountry "ENG"]
[SourceTitle "playchess.com"]
[Source "ChessBase"]
[SourceQuality "1"]
[TimeControl "40/6000+30:3000+30"]

1. e4 e6 2. d4 d5 3. Nd2 Nf6 4. e5 Nfd7 5. Bd3 c5 6. c3 Nc6 7. Ne2 cxd4 8. cxd4 f6 9. exf6 Nxf6 10. Nf3 Bd6 11. O-O Qc7 12. g3 O-O 13. Bf4 Bd7 14. Rc1 Rae8 15. Bb1 Re7 16. Bxd6 Qxd6 17. Nf4 Ne4 18. Nd3 Be8 19. Nde5 Bh5 20. g4 Be8 21. Nxc6 Bxc6 22. Ne5 Bb5 23. Bd3 Qa6 24. Bxb5 Qxb5 25. f3 Ng5 26. Qd2 Nh3+ 27. Kh1 Rc7 28. Nd3 Rxc1 29. Rxc1 Qxd3 0-1

[Event "94th Tradewise Hastings Congress"]
[Site "Hastings"]
[Date "2018.12.29"]
[Round "2"]
[White "Nettleton, Charlie B"]
[Black "Peek, Marcel"]
[Result "1/2-1/2"]
[ECO "A06"]
[WhiteElo "2059"]
[BlackElo "2293"]
[Annotator "NA"]
[PlyCount "86"]
[EventDate "2018.12.28"]
[EventType "swiss"]
[EventCountry "ENG"]
[SourceTitle "playchess.com"]
[Source "ChessBase"]
[SourceQuality "1"]
[TimeControl "40/6000+30:3000+30"]

1. Nf3 d5 2. e3 Nc6 3. b3 Bg4 4. h3 Bxf3 5. Qxf3 Nf6 6. Bb2 e6 7. Bb5 Be7 8. Bxc6+ bxc6 9. O-O O-O 10. d3 a5 11. a4 Nd7 12. Nd2 f5 13. Qe2 Bf6 14. Ba3 Bxa1 15. Bxf8 Bb2 16. Rb1 Qxf8 17. Rxb2 Qc5 18. Nf3 Re8 19. Qd2 e5 20. d4 Qb6 21. dxe5 Nxe5 22. Nxe5 Rxe5 23. c3 Re4 24. b4 g6 25. bxa5 Qxa5 26. Rb4 Rxb4 27. cxb4 Qxa4 28. Qd4 Qc2 29. Qf6 Qb1+ 30. Kh2 Qxb4 31. Qd8+ Qf8 32. Qxc7 Qf6 33. g3 g5 34. Kg2 h6 35. Qc8+ Kf7 36. Qd7+ Kf8 37. Qc8+ Ke7 38. Qc7+ Ke8 39. Qc8+ Ke7 40. Qc7+ Kf8 41. Qc8+ Kg7 42. Qd7+ Kg6 43. Qe8+ Kg7 1/2-1/2